 Dungeon Crawl Stone Soup version 0.32-a0-350-g4f4d228785 (webtiles) character file.

Game seed: 10554662140664275416

16 jt the Chopper (level 2, -1/26 HPs)
             Began as a Mountain Dwarf Delver on Feb 17, 2024.
             Slain by a kobold brigand
             ... wielding a +0 short sword
              (9 damage)
             ... in a sewer.
             The game lasted 00:01:11 (173 turns).

jt the Chopper (Mountain Dwarf Delver)               Turns: 173, Time: 00:01:12

Health: -1/26      AC:  3    Str: 14    XL:     2   Next: 41%
Magic:  2/2        EV: 11    Int: 10    God:
Gold:   0          SH:  0    Dex: 11    Spells: 1/1 levels left

rFire   . . .        a - +0 hand axe
rCold   . . .        (no shield)
rNeg    . . .        b - +0 leather armour
rPois   .            (no helmet)
rElec   .            (no cloak)
rCorr   .            (no gloves)
SInv    .            (no boots)
Will    .....        (no amulet)
Stlth   +            (no ring)
HPRegen 0.24/turn    (no ring)
MPRegen 0.08/turn

%: no passive effects
@: very slow
A: runic magic, artefact enchanting
a: no special abilities


You were in a sewer.
You visited 1 branch of the dungeon, and saw 1 of its levels.
You also visited: Sewer.

Inventory:

Hand Weapons
 a - a +0 hand axe (weapon)
Armour
 b - a +0 leather armour (worn)
Wands
 g - a wand of digging (3)
Scrolls
 c - a scroll of fog


   Skills:
 + Level 3.2 Fighting
 + Level 3.8 Axes
 - Level 1.3 Dodging
 - Level 3.7 Stealth


You had one spell level left.
You didn't know any spells.
Your spell library was empty.

Dungeon Overview and Level Annotations

Branches:
Dungeon (5/15)              Sewer (1/1)
 Temple: D:4-7

Altars:


Innate Abilities, Weirdness & Mutations

Your spellcasting is much less encumbered by armour.
You can use scrolls of enchantment on lesser artefacts.


Message History

The kobold brigand hits you with a +0 short sword!
Okay, then.
Sorry, you're not good enough to have a special ability.
Unknown command.
Your unstable footing causes you to fumble your attack.
The kobold brigand barely misses you.
You closely miss the kobold brigand.
The kobold brigand splashes around in the water.
Your unstable footing causes you to fumble your attack.
The kobold brigand splashes around in the water.
The kobold brigand barely misses you.
You closely miss the kobold brigand. The kobold brigand barely misses you.
Your unstable footing causes you to fumble your attack.
The kobold brigand barely misses you.
Your unstable footing causes you to fumble your attack.
The kobold brigand hits you with a +0 short sword.
You hit the kobold brigand but do no damage.
The kobold brigand splashes around in the water.
You barely miss the kobold brigand. The kobold brigand misses you.
Your unstable footing causes you to fumble your attack.
The kobold brigand splashes around in the water.
Your unstable footing causes you to fumble your attack.
The kobold brigand hits you with a +0 short sword!
You are too injured to fight recklessly!
You are too injured to fight recklessly!
You are too injured to fight recklessly!
You are too injured to fight recklessly!
You hit the kobold brigand.
The kobold brigand is lightly wounded.
The kobold brigand barely misses you.
You hit the kobold brigand but do no damage.
The kobold brigand is lightly wounded.
The kobold brigand hits you with a +0 short sword.
* * * LOW HITPOINT WARNING * * *
The kobold brigand splashes around in the water.
You aren't carrying any potions.
You hit the kobold brigand.
The kobold brigand is moderately wounded.
The kobold brigand hits you with a +0 short sword!
You die...

#...~~..# #..~K~~.#
#.K≈≈≈K~# #~~≈≈≈~.#
#~~≈≈≈~.# #~~~≈~~.#
#..~≈~~.#
###################~.~≈~~~#
~~~~~~~~~~~~~~~~@KK~~~≈K..#
###################~.~≈~~.#
##~~≈~~## #.~≈~.# #~≈≈~.###
#.~≈~..∩# #.~≈~.### #.~≈~.#
##~≈~##


You could see a kobold brigand and 2 kobolds.

Vanquished Creatures
  A river rat (Sewer)
  5 rats (Sewer)
6 creatures vanquished.

Notes
Turn   | Place    | Note
-------+----------+-------------------------------------------
     0 | D:5      | jt the Mountain Dwarf Delver began the quest for the Orb.
     0 | D:5      | Reached XP level 1. HP: 19/19 MP: 1/1
     0 | D:5      | Noticed a phantom
    11 | D:5      | Noticed an iguana
    25 | D:5      | Noticed a jelly
    58 | D:5      | Found a glowing drain.
    62 | Sewer    | Entered a sewer
    80 | Sewer    | Reached XP level 2. HP: 20/26 MP: 2/2
   147 | Sewer    | Noticed a kobold brigand
   173 | Sewer    | Slain by a kobold brigand

Illustrated notes

Levels and vault maps discovered:
D:5:      layout_loops_ring, jmf_multi_god_temple, nicolae_ossuary_entry_giza,
          gup_sewer_entry_bowl, grunt_ministairs_3, kennysheep_nub,
          glass_columns_c, guppyfry_early_orc_mine, uniq_eustachio
Sewer:    sewer_kobolds

Skill      XL: |  1 |
---------------+----+-----
Axes           | 3 |  3.8
Fighting       | |  3.2
Dodging        | |  1.3
Stealth        | |  3.7

Action                     || total
---------------------------++-------
  Melee: Hand axe          ||    29
    Use: Scroll            ||     2
         Potion            ||     1
 Armour: Leather armour    ||    11
  Dodge: Dodged            ||    11

Table legend: (Time is in decaauts)
 A = Elapsed time spent in this place.
 B = Non-inter-level travel time spent in this place.
 C = Inter-level travel time spent in this place.
 D = Time resting spent in this place.
 E = Time spent auto-exploring this place.
 F = Levels seen in this place.
 G = Mean time per level.
                   A        B        C        D        E       F      G
               +--------+--------+--------+--------+--------+-----+--------+
         Total |    182 |    182 |      0 |     18 |     19 |   2 |   91.0 |
       Dungeon |     57 |     57 |      0 |      0 |      0 |   1 |   57.0 |
         Sewer |    125 |    125 |      0 |     18 |     19 |   1 |  125.0 |
               +--------+--------+--------+--------+--------+-----+--------+

Top non-repeatable levels by time:
   Sewer: 125 daAuts
     D:5: 57 daAuts
